 Dungeon Crawl Stone Soup version 0.29.1-2-gbd0b4ee654 (webtiles) character file.

Game seed: 5241115851692320755

98 cdecastro the Vexing (level 4, -1/24 HPs)
             Began as a Vampire Enchanter on Nov 16, 2022.
             Slain by a jackal (2 damage)
             ... on level 4 of the Dungeon.
             The game lasted 00:04:14 (3091 turns).

cdecastro the Vexing (Vampire Enchanter)            Turns: 3091, Time: 00:04:15

Health: -1/24      AC:  2    Str:  7    XL:     4   Next: 44%
Magic:  2/7        EV: 12    Int: 19    God:
Gold:   49         SH:  0    Dex: 14    Spells: 5/7 levels left

rFire   . . .      SeeInvis +   a - +1 dagger
rCold   + + .      Faith    .   (no shield)
rNeg    + + +      Spirit   .   b - +0 robe
rPois   ∞          Reflect  .   (no helmet)
rElec   .          Harm     .   (no cloak)
rCorr   .          Rampage  .   (no gloves)
Will    .....                   (no boots)
Stlth   +++++.....              (no amulet)
HPRegen 0.00/turn               (no ring)
MPRegen 0.10/turn               (no ring)

@: bloodless, inhibited regen
A: bloodless, fangs 3, see invisible, vampiric 2
a: Bat Form, Revivify


You were on level 4 of the Dungeon.
You visited 1 branch of the dungeon, and saw 4 of its levels.

You collected 139 gold pieces.
You spent 90 gold pieces at shops.

Inventory:

Hand Weapons
 a - a +1 dagger (weapon)
Missiles
 d - 29 stones
 j - 4 poisoned darts
 l - 2 throwing nets
Armour
 b - a +0 robe (worn)
 r - a +0 pair of boots
Jewellery
 g - an amulet of guardian spirit
 k - a ring of fire
 u - a +6 ring of dexterity
Scrolls
 e - a scroll of silence {unknown}
 h - a scroll of torment {unknown}
 i - 3 scrolls of identify {unknown}
 n - 2 scrolls of teleportation {unknown}
 o - a scroll of enchant weapon {unknown}
 p - 2 scrolls of fog {unknown}
 q - a scroll of immolation {unknown}
 s - a scroll of magic mapping {unknown}
 v - a scroll of poison {unknown}
Potions
 c - 2 potions of invisibility
 f - 4 potions of curing
 m - a potion of flight {unknown}
 t - a potion of brilliance {unknown}


   Skills:
 - Level 1.1 Short Blades
 - Level 2.1 Dodging
 + Level 5.9 Stealth
 - Level 2.0 Spellcasting
 * Level 6.8 Hexes


You had 5 spell levels left.
You knew the following spells:

 Your Spells              Type           Power      Damage    Failure   Level
a - Ensorcelled Hibernat  Hex/Ice        28%        N/A       6%          2

Your spell library contained the following spells:

 Spells                   Type           Power      Damage    Failure   Level
 Confusing Touch          Hex            27%        N/A       3%          3
 Tukima's Dance           Hex            27%        N/A       3%          3
 Dazzling Flash           Conj/Hex       28%        N/A       12%         3


Dungeon Overview and Level Annotations

Branches:
Dungeon (4/15)
 Temple: D:4-7

Altars:

Annotations:
D:3 Grinder


Innate Abilities, Weirdness & Mutations

You do not regenerate when monsters are visible.
You are frail without blood (-20% HP).
You can heal yourself when you bite living creatures.
You are immune to poison.
You have razor-sharp teeth.
You have supernaturally acute eyesight. (SInv)
You are afflicted with vampirism and can become a bat while bloodless.


Message History

The jackal is heavily wounded.
The jackal closely misses you. The jackal bites you.
* * * LOW HITPOINT WARNING * * *
The jackal bites you.
* * * LOW HITPOINT WARNING * * *
The jackal closely misses you.
The jackal bites you but does no damage.
You hit the jackal. Your bite misses the jackal.
The jackal is severely wounded.
The jackal bites you.
* * * LOW HITPOINT WARNING * * *
The jackal barely misses you. The jackal bites you.
* * * LOW HITPOINT WARNING * * *
The jackal barely misses you.
Unknown command.
Aiming: Ensorcelled Hibernation (safe; 6% risk of failure)
Press: ? - help, Q - select action, (/) - cycle Shift-Dir - straight line, f - jackal
Aim: a jackal (severely wounded, chance to affect: 65%)
The jackal resists with significant effort.
The jackal bites you but does no damage.
The jackal barely misses you. The jackal closely misses you.
You don't have enough magic to cast this spell.
Unknown command.
You completely miss the jackal.
The jackal is severely wounded.
The jackal completely misses you.
The jackal bites you but does no damage.
The jackal closely misses you.
The jackal bites you but does no damage.
The jackal misses you.
You barely miss the jackal.
The jackal is severely wounded.
The jackal bites you.
* * * LOW HITPOINT WARNING * * *
The jackal barely misses you. The jackal misses you. x2
Unknown command.
You closely miss the jackal.
The jackal is severely wounded.
The jackal misses you. x2; The jackal bites you.
You die...

#.......###....##
##.....#.....###
.(.........#
...........#
...........#
........#..##
.......##...##
...........wh##
#........gh@#
.##......#..h##
.........#####
.....#...#
.....#...# ...
...## .. ...## .
.... .....


You could see a dart slug, 3 jackals and a goblin.

Vanquished Creatures
  5 adders
  2 worms (D:2)
  A dart slug (D:3)
  An orc (D:4)
  6 endoplasms
  3 giant cockroaches
  3 goblins
  3 hobgoblins
  4 quokkas
  A ball python (D:4)
  3 bats
  3 frilled lizards
  5 kobolds
  5 rats
45 creatures vanquished.

Notes
Turn   | Place    | Note
-------+----------+-------------------------------------------
     0 | D:1      | cdecastro the Vampire Enchanter began the quest for the
                  | Orb.
     0 | D:1      | Reached XP level 1. HP: 13/13 MP: 3/3
   448 | D:1      | Reached skill level 5 in Hexes
   455 | D:1      | Reached XP level 2. HP: 11/15 MP: 5/5
   458 | D:1      | Learned a level 2 spell: Ensorcelled Hibernation
  1545 | D:2      | Reached skill level 5 in Stealth
  1732 | D:2      | Gained mutation: You are afflicted with vampirism and can
                  | become a bat while bloodless. [Vampire growth]
  1732 | D:2      | Reached XP level 3. HP: 19/19 MP: 6/6
  1848 | D:2      | Reached skill level 6 in Hexes
  2095 | D:2      | Reached XP level 4. HP: 24/24 MP: 7/7
  2582 | D:3      | Noticed Grinder
  2587 | D:3      | Paralysed by Grinder for 3 turns
  2594 | D:3      | Paralysed by Grinder for 2 turns
  2999 | D:4      | Found Zin's Purification Station.
  3024 | D:4      | Bought a potion of curing for 90 gold pieces
  3090 | D:4      | HP: 1/24 [jackal (2)]
  3091 | D:4      | Slain by a jackal

Illustrated notes

Levels and vault maps discovered:
D:1:      heliophobic_arrival_battle_scene, layout_basic, dreamdust_wishing_well
D:2:      layout_loops_ring
D:3:      layout_loops_corners, uniq_grinder, uniq_terence, uniq_natasha
D:4:      layout_cave_pools, zin_purify

Skill      XL: |  1  2  3 |
---------------+----------+-----
Hexes          | 5 6 |  6.8
Stealth        | 5 |  5.9
Short Blades   | |  1.1
Dodging        | |  2.1
Spellcasting   | |  2.0

Action                   |  1- 3 |  4- 6 || total
-------------------------+-------+-------++-------
Melee: Dagger            |    90 |    44 ||   134
       Bite              |    11 |     2 ||    13
       Punch             |       |     1 ||     1
 Cast: Ensorcelled Hiber |     4 |     7 ||    11
 Abil: Exsanguinate      |     1 |       ||     1
 Stab: Sleeping          |    12 |    12 ||    24
Armor: Robe              |     4 |    12 ||    16
Dodge: Dodged            |    46 |    40 ||    86
